 Dungeon Crawl Stone Soup version 0.22-a0-109-gbeb7240 (webtiles) character file.

444 omnomnOMINOUS the Sneak (level 7, -1/45 HPs)
             Began as an Octopode Enchanter on Jan 26, 2018.
             Slain by a slave (7 damage)
             ... led by Pikel
             ... on level 5 of the Dungeon.
             The game lasted 00:11:33 (4907 turns).

omnomnOMINOUS the Sneak (Octopode Enchanter)        Turns: 4907, Time: 00:11:34

Health: -1/45      AC:  1    Str:  7    XL:     7   Next: 3%
Magic:  0/10       EV: 14    Int: 19    God:
Gold:   234        SH:  0    Dex: 13    Spells: 4/10 levels left

rFire    . . .     SeeInvis .   a - +1 dagger
rCold    . . .     Gourm    .   (no shield)
rNeg     + . .     Faith    .   (helmet restricted)
rPois    .         Spirit   .   (no amulet)
rElec    .         Reflect  .   u - ring of positive energy
rCorr    .         Harm     .   (no ring)
MR       .....                  (no ring)
Stlth    ++++......             (no ring)
HPRegen  0.15/turn              (no ring)
MPRegen  0.12/turn              (no ring)
                                (no ring)
                                (no ring)

@: no status effects
A: almost no armour, stealthy swim, amphibious, 8 rings, constrict 8, camouflage
1, gelatinous body 1
a: no special abilities


You were on level 5 of the Dungeon.
You were hungry.

You visited 1 branch of the dungeon, and saw 5 of its levels.

You collected 234 gold pieces.

Inventory:

Hand Weapons
 a - a +1 dagger (weapon)
 b - a +0 long sword
Missiles
 A - 7 needles of confusion
Jewellery
 u - a ring of positive energy (left tentacle)
Wands
 g - a wand of iceblast (10)
 p - a wand of flame (22)
Scrolls
 d - a scroll of enchant weapon {unknown}
 f - 2 scrolls of enchant armour {unknown}
 h - 2 scrolls of teleportation {unknown}
 i - a scroll of amnesia {unknown}
 j - a scroll of immolation {unknown}
 k - 5 scrolls of identify {unknown}
 l - 2 scrolls of magic mapping {unknown}
 n - 2 scrolls of blinking {unknown}
 q - a scroll of noise {unknown}
 r - 2 scrolls of remove curse {unknown}
 x - a scroll of random uselessness {unknown}
Potions
 e - a potion of ambrosia
 m - 2 potions of heal wounds {unknown}
 o - a potion of degeneration {unknown}
 s - 2 potions of agility {unknown}
 t - a potion of resistance {unknown}
 w - a potion of berserk rage {unknown}
 z - a potion of curing {unknown}
 B - a potion of haste {unknown}
Books
 y - a book of Maledictions

   Spells                             Type                      Level
   a - Corona                         Hexes                        1
   b - Ensorcelled Hibernation        Hexes/Ice                    2
   c - Confuse                        Hexes                        3
   d - Tukima's Dance                 Hexes                        3
   e - Dazzling Spray                 Conjuration/Hexes            3
Comestibles
 c - 12 rations
 v - a chunk of flesh


   Skills:
 + Level 2.8 Fighting
 - Level 1.0 Short Blades
 + Level 3.6 Dodging
 + Level 6.0 Stealth
 - Level 2.0 Spellcasting
 * Level 5.3 Hexes


You had 4 spell levels left.
You knew the following spells:

 Your Spells              Type           Power        Failure   Level  Hunger
a - Corona                Hex            ###....      1%          1    #......
b - Ensorcelled Hibernat  Hex/Ice        ##....       9%          2    ###....
c - Confuse               Hex            ###.....     5%          3    ###....


Dungeon Overview and Level Annotations

Branches:
Dungeon (5/15)
 Temple: D:4-7

Altars:
Gozag
Zin

Annotations:
D:5 Pikel


Innate Abilities, Weirdness & Mutations

You cannot wear most types of armour.
You are very stealthy in the water. (Stealth+)
You are amphibious.
You can wear up to eight rings at the same time.
You can use your tentacles to constrict eight enemies at once.
Your skin changes colour to match your surroundings (Stealth+).
Your rubbery body absorbs attacks. (AC +1, EV +1)


Message History

Okay, then.
Unknown command.
Okay, then.
Unknown command.
Casting: Confuse (safe; 5% risk of failure)
Confirm with . or Enter, or press ? or * to list all spells.
Aiming: Confuse (safe; 5% risk of failure)
Press: ? - help, Shift-Dir - straight line, f/p - Pikel
Aim: Pikel, wielding a whip of flaming and wearing an embroidered robe (heavily wounded, constricted by you, chance to defeat MR: 51%) Pikel appears confused.
You constrict Pikel. The slave completely misses you. The slave misses you.
The slave completely misses you.
Pikel struggles to escape constriction.
The slave barely misses you.
You hit Pikel.
Pikel is heavily wounded.
You constrict Pikel. The slave hits you!
* * * LOW HITPOINT WARNING * * *
The slave hits you.
* * * LOW HITPOINT WARNING * * *
The slave hits you!
You die...

..# #.# #...# .
+..# ##...##
#...###..#.(##
#.#....[####.##
#####.##...##
##.##
......##...#
##.## .
#...##...##
##.## ..#
#...p....# #..##
#... ##..p@K#..#
##..# ###
#...##..pp###..#
##.## ..###
#.....).## #..#
#..## ....##
##...<..# ..#
##...# ###..#
#........# ##
#....#
#.###.##.....##
#..### ##### #
#.##... #..## .#
#. ####. ...##
... # .# ....#


You could see Pikel (confused) and 4 slaves.

Vanquished Creatures
  A scorpion (D:4)
  A crimson imp (D:3)
  A centaur skeleton (D:4)
  A jelly (D:5)
  An orc wizard (D:4)
  3 worker ants (D:4)
  3 adders
  4 gnolls
  2 shadow imps (D:5)
  4 worms
  2 dart slugs (D:1)
  3 leopard geckos
  8 orcs
  2 ball pythons (D:2)
  7 bats
  7 giant cockroaches
  12 goblins
  11 hobgoblins
  7 jackals
  10 frilled lizards
  5 kobolds
  10 rats
105 creatures vanquished.

Notes
Turn   | Place    | Note
-------+----------+-------------------------------------------
     0 | D:1      | omnomnOMINOUS the Octopode Enchanter began the quest for the Orb.
     0 | D:1      | Reached XP level 1. HP: 11/11 MP: 3/3
    94 | D:1      | Reached XP level 2. HP: 11/18 MP: 5/5
   117 | D:1      | Learned a level 2 spell: Ensorcelled Hibernation
   416 | D:1      | Reached XP level 3. HP: 22/22 MP: 6/6
   421 | D:1      | Learned a level 3 spell: Confuse
   440 | D:1      | Reached skill level 1 in Fighting
  1349 | D:2      | Reached XP level 4. HP: 18/28 MP: 2/7
  2128 | D:3      | Found a glowing silver altar of Zin.
  2313 | D:1      | Reached skill level 5 in Stealth
  2602 | D:2      | Reached XP level 5. HP: 16/33 MP: 0/8
  3315 | D:4      | Reached XP level 6. HP: 32/39 MP: 2/9
  3382 | D:4      | Noticed a phantom
  3775 | D:4      | Reached skill level 5 in Hexes
  4289 | D:4      | Noticed a phantom
  4505 | D:5      | Entered Level 5 of the Dungeon
  4522 | D:5      | Found an opulent altar of Gozag.
  4709 | D:5      | Noticed a phantom
  4865 | D:5      | Reached skill level 6 in Stealth
  4865 | D:5      | Reached XP level 7. HP: 33/45 MP: 1/10
  4891 | D:5      | Noticed Pikel
  4907 | D:5      | Slain by a slave

Vault maps used:
D:1:      lemuel_arrival_hallway
D:3:      lemuel_crystal_altar, first_ration
D:5:      nicolae_gozag_cash_rules_everything_around_me,
          nicolae_overflow_crystal_walls, nrook_mini_vaults, uniq_pikel,
          uniq_menkaure

Skill      XL: |  1  2  3  4  5  6 |
---------------+-------------------+-----
Fighting       | 1 2 |  2.8
Hexes          | 4 5 |  5.3
Stealth        | 5 6 |  6.0
Dodging        | 3 |  3.6
Short Blades   | |  1.0
Spellcasting   | |  2.0

Action                   |  1- 3 |  4- 6 |  7- 9 || total
-------------------------+-------+-------+-------++-------
Melee: Dagger            |    75 |   159 |     8 ||   242
       Constrict         |    15 |    25 |     2 ||    42
       Tentacles         |     9 |    14 |     1 ||    24
 Cast: Corona            |     2 |       |       ||     2
       Ensorcelled Hiber |    10 |    35 |       ||    45
       Confuse           |     2 |    18 |     2 ||    22
Evoke: Wand              |       |     2 |       ||     2
  Use: Potion            |       |     1 |       ||     1
 Stab: Sleeping          |    21 |    41 |       ||    62
       Distracted        |     1 |       |       ||     1
       Confused          |       |     5 |     1 ||     6
  Eat: Chunk             |     2 |    17 |       ||    19
Armor: Skin              |    10 |     3 |       ||    13
Dodge: Dodged            |    41 |   101 |    16 ||   158

Table legend:
 A = Spawn XP
 B = Non-spawn XP
 C = Spawn XP percentage of total XP
 D = Spawn monster count
 E = Non-spawn monster count
 F = Spawn count percentage of total count
 G = Total turns spent on level
                    A         B        C        D         E        F      G
               +---------+---------+-------+---------+---------+-------+---------
         Total |       0 |     635 |   0.0 |       0 |     105 |   0.0 |  4907
               +---------+---------+-------+---------+---------+-------+---------
           D:1 |       0 |      71 |   0.0 |       0 |      35 |   0.0 |  1398
           D:2 |       0 |      76 |   0.0 |       0 |      25 |   0.0 |  1217
           D:3 |       0 |     125 |   0.0 |       0 |      15 |   0.0 |   729
           D:4 |       0 |     280 |   0.0 |       0 |      18 |   0.0 |  1185
           D:5 |       0 |      83 |   0.0 |       0 |      12 |   0.0 |   378
               +---------+---------+-------+---------+---------+-------+---------
